 Dungeon Crawl Stone Soup version 0.31-a0-152-g6aa68a64a1 (webtiles) character file.

Game seed: 6537789816263156337

14200 NoAnimeNoLife the Fighter (level 12, -4/100 HPs)
             Began as a Ghoul Artificer on June 10, 2023.
             Was a Priest of Hepliaklqana.
             Slain by a death yak (21 damage)
             ... on level 1 of the Lair of Beasts.
             The game lasted 00:14:55 (13343 turns).

NoAnimeNoLife the Fighter (Ghoul Artificer)        Turns: 13343, Time: 00:14:55

Health: -4/100     AC: 15    Str: 21    XL:     12   Next: 14%
Magic:  11/12      EV: 13    Int:  6    God:    Hepliaklqana [***...]
Gold:   648        SH:  7    Dex: 15    Spells: 11/11 levels left

rFire   . .          .
                       - Unarmed
rCold   + + .        s - +2 buckler
rNeg    + + +        G - +0 swamp dragon scales
rPois   ∞            r - +1 helmet
rElec   .            y - +0 cloak
rCorr   .            m - +2 pair of gloves
SInv    .            (no boots)
Will    .....        F - amulet of regeneration
Stlth   +            q - ring of protection from cold
HPRegen 0.00/turn    x - +6 ring of dexterity
MPRegen 0.13/turn

%: no passive effects
@: inhibited regen
A: reduced essence, claws 1, cold resistance 1, negative energy resistance 3,
inhibited regeneration, torment resistance 2, devour on kill
a: Renounce Religion, Recall Ancestor, Ancestor Identity, Transference


You were on level 1 of the Lair of Beasts.
You worshipped Hepliaklqana.
Hepliaklqana was most pleased with you.
You visited 3 branches of the dungeon, and saw 14 of its levels.
You also visited: Ossuary and Bailey.

You collected 648 gold pieces.

Inventory:

Hand Weapons
 a - a +1 club of freezing
Missiles
 j - a throwing net
Armour
 b - a +0 leather armour
 m - a +2 pair of gloves (worn)
 o - a +0 plate armour
 r - a +1 helmet (worn)
 s - a +2 buckler (worn)
 y - a +0 cloak (worn)
 G - +0 swamp dragon scales (worn)
Jewellery
 e - an amulet of faith
 q - a ring of protection from cold (left hand)
 x - a +6 ring of dexterity (right hand)
 F - an amulet of regeneration (around neck)
 J - a ring of resist corrosion
 L - a ring of ice
Wands
 c - a wand of flame (18) (quivered)
 E - a wand of mindburst (14)
 I - a wand of paralysis (5)
Scrolls
 d - a scroll of poison
 f - a scroll of enchant weapon
 g - 5 scrolls of fear
 i - 4 scrolls of teleportation
 n - a scroll of torment
 t - 8 scrolls of noise
 D - 2 scrolls of vulnerability
 H - 3 scrolls of fog
 M - a scroll of identify
 N - a scroll of brand weapon
Potions
 h - 2 potions of invisibility {unknown}
 k - 4 potions of heal wounds
 l - 4 potions of enlightenment {unknown}
 p - 3 potions of mutation {unknown}
 u - a potion of ambrosia {unknown}
 v - 3 potions of haste
 w - 2 potions of curing
 z - a potion of magic {unknown}
 A - 2 potions of attraction {unknown}
 B - 2 potions of resistance {unknown}
 C - 2 potions of berserk rage {unknown}
 O - a potion of lignification {unknown}


   Skills:
 - Level 12.1 Fighting
 - Level 2.0 Maces & Flails
 - Level 6.3 Armour
 - Level 5.6 Dodging
 - Level 1.1 Stealth
 - Level 5.5 Shields
 + Level 12.0 Unarmed Combat
 + Level 1.7 Invocations
 - Level 2.6 Evocations


You had 11 spell levels left.
You didn't know any spells.
Your spell library contained the following spells:

 Spells                   Type           Power      Damage    Failure   Level
 Apportation              Tloc           0%         N/A       67%         1
 Necrotise                Necr           0%         1d4       67%         1
 Sandblast                Erth           0%         2d4       67%         1
 Summon Small Mammal      Summ           0%         N/A       67%         1
 Ensorcelled Hibernation  Hex/Ice        0%         N/A       82%         2
 Passwall                 Tmut/Erth      0%         N/A       82%         2
 Dazzling Flash           Conj/Hex       0%         N/A       96%         3
 Stone Arrow              Conj/Erth      0%         3d7       96%         3
 Swiftness                Air            0%         N/A       96%         3
 Cause Fear               Hex            0%         N/A       100%        4
 Agony                    Necr           0%         N/A       100%        5
 Silence                  Hex/Air        0%         N/A       100%        5
 Dragon's Call            Summ           0%         N/A       100%        9
 Dragon Form              Tmut           Unusable   N/A       N/A         7

Dungeon Overview and Level Annotations

Branches:
Dungeon (12/15)            Temple (1/1) D:6            Lair (1/5) D:10
    Orc (0/2) D:10        Ossuary (visited)          Bailey (visited)

Altars:
Ashenzari
Cheibriados
Dithmenos
Fedhas
Gozag
Hepliaklqana
Kikubaaqudgha
Makhleb
Nemelex Xobeh
Okawaru
Qazlal
Ru
Sif Muna
Trog
Uskayaw
Vehumet
Wu Jian
Xom
Yredelemnul

Shops:
D:12 (

Annotations:
D:4 1 runed translucent door, Ijustatesigmund's ghost, weakling OpVM
D:11 2 transporters


Innate Abilities, Weirdness & Mutations

Your life essence is reduced to manifest your ancestor. (-10% HP)
You are immune to poison.
You have sharp fingernails.
Your flesh is cold resistant. (rC+)
You are immune to negative energy. (rN+++)
You do not regenerate when monsters are visible.
You are immune to unholy pain and torment.
You thrive by killing the living.


Message History

The roots erupt in riotous growth!
Roots grab the death yak. x2
The death yak is unaffected.
The grasping roots constrict the death yak.
The grasping roots constrict the death yak, but do no damage. x2
The roots release their grip on the death yak.
The death yak barely misses you. You block the death yak's attack.
You hit the death yak but do no damage.
The death yak is severely wounded.
The grasping roots constrict the death yak.
The grasping roots constrict the death yak!
The roots release their grip on the death yak. x2
The death yak misses you. The death yak gores you!!
The death yak gores you but does no damage.
You hit the death yak.
The death yak is almost dead.
The death yak gores you! You block the death yak's attack.
The death yak closely misses you.
Aiming: Fastroot
Press: ? - help, Shift-Dir - straight line, f/p - death yak
Aim: a death yak (severely wounded)
The roots erupt in riotous growth!
Roots grab the death yak. x3
The now-empty wand crumbles to dust.
The grasping roots constrict the death yak, but do no damage.
The grasping roots constrict the death yak. x2
The death yak barely misses you. The death yak gores you!!
* * * LOW HITPOINT WARNING * * *
You block the death yak's attack.
As you read the scroll of fear, it crumbles to dust.
You assume a fearsome visage.
The death yak resists with almost no effort. x2
The death yak looks frightened!
The grasping roots constrict the death yak!
You kill the death yak!
You feel better.
The grasping roots constrict the death yak. x2
The roots release their grip on the death yak.
The death yak gores you!!
You die...

#### #..####### #........#
#........# #........#
#........# #Y.......#
#.Y†.....# #@†......##
###......P# ###....## ###
###....######.# ...
####.............# ....
#................# .....
#................# .....
#)...............#
.....#####.....####.)..R..#


You could see 2 death yaks.

Vanquished Creatures
  2 death yaks (Lair:1)
  2 cyclopes
  3 ugly things
  A manticore (D:11)
  A cane toad (Lair:1)
  A kobold demonologist (D:12)
  An unseen horror (D:10)
  3 trolls
  7 yaks
  2 wraiths
  4 shadows
  2 wyverns
  A steam dragon (D:7)
  2 wargs (D:10)
  An acid dragon (D:12)
  Menkaure (D:5)
  4 orc warriors
  A sky beast (D:8)
  2 black bears
  7 centaurs
  4 kobold brigands
  2 bullfrogs
  3 gnoll sergeants
  5 scorpions
  8 wights
  12 killer bees
  3 howler monkeys
  4 centaur zombies (Ossuary)
  A human zombie (Ossuary)
  2 hounds
  An orc priest (D:3)
  Jessica (D:2)
  4 iguanas
  2 orc wizards (D:7)
  4 mummies
  19 gnolls
  5 adders
  A shadow imp (D:6)
  A white imp (D:5)
  An ufetubus (D:5)
  3 worms
  A dart slug (D:1)
  14 orcs
  7 bats
  3 endoplasms
  3 giant cockroaches
  11 goblins
  12 hobgoblins
  6 jackals
  2 quokkas
  4 ball pythons
  2 frilled lizards (D:1)
  21 kobolds
  2 kobold zombies (Ossuary)
  An orc zombie (Ossuary)
  7 rats
230 creatures vanquished.

Vanquished Creatures (collateral kills)
  A cane toad (Lair:1)
  2 unseen horrors (D:11)
  2 trolls
  A polar bear (Lair:1)
  A wraith (D:12)
  2 wargs (D:10)
  3 centaurs
  A kobold brigand (D:9)
  A gnoll sergeant (D:6)
  3 killer bees
  A howler monkey (D:9)
  An orc priest (D:9)
  3 orc wizards (D:9)
  2 gnolls (D:7)
  7 orcs
  8 kobolds
39 creatures vanquished.

Vanquished Creatures (others)
  A two-headed ogre (D:12)
  A scorpion (D:5)
  A hound (D:5)
  An orc priest (D:3)
  2 knights
  An orc wizard (D:3)
  3 ancestors
  4 orcs
  A jackal (D:3)
15 creatures vanquished.

Grand Total: 284 creatures vanquished

Notes
Turn   | Place    | Note
-------+----------+-------------------------------------------
     0 | D:1      | NoAnimeNoLife the Ghoul Artificer began the quest for the
                  | Orb.
     0 | D:1      | Reached XP level 1. HP: 16/16 MP: 0/0
   243 | D:1      | Reached XP level 2. HP: 24/24 MP: 1/1
   336 | D:1      | Reached skill level 1 in Maces & Flails
   803 | D:1      | Reached XP level 3. HP: 27/29 MP: 2/2
  1088 | D:2      | Noticed Jessica
  1096 | D:2      | Killed Jessica
  1147 | D:2      | Reached XP level 4. HP: 27/38 MP: 3/3
  1441 | D:2      | Reached skill level 1 in Unarmed Combat
  2368 | D:3      | Noticed an orc warrior
  2378 | D:3      | Reached XP level 5. HP: 46/46 MP: 4/4
  2379 | D:3      | Killed an orc warrior
  2380 | D:3      | Reached XP level 6. HP: 44/53 MP: 5/5
  3699 | D:3      | Reached skill level 5 in Fighting
  4159 | D:4      | Reached XP level 7. HP: 61/61 MP: 6/6
  4251 | D:4      | Identified the orb "Ytyifos" {guile, rCorr Stlth+}
  4312 | D:4      | Reached skill level 5 in Unarmed Combat
  4534 | D:4      | Found a runed translucent door.
  4539 | D:4      | Noticed Ijustatesigmund's ghost (weakling OpVM)
  4765 | D:5      | Entered Level 5 of the Dungeon
  4772 | D:5      | Identified the +1 ring mail of Curiosity {rElec rF- rCorr
                  | Int+5}
  4939 | D:5      | Noticed Menkaure
  4956 | D:5      | Killed Menkaure
  5237 | D:5      | Reached XP level 8. HP: 68/71 MP: 7/7
  5237 | D:5      | Identified the +1 dagger of Fate {freeze, Str+4}
  5339 | D:5      | Found an iron altar of Okawaru.
  5537 | D:5      | Found a radiant altar of Vehumet.
  5637 | D:6      | Found a staircase to the Ecumenical Temple.
  5653 | Temple   | Entered the Ecumenical Temple
  5908 | Temple   | Became a worshipper of Hepliaklqana the Forgotten
  6280 | D:7      | Found a sand-covered staircase.
  6302 | Ossuary  | Entered an ossuary
  7287 | D:7      | Reached XP level 9. HP: 80/82 MP: 8/8
  7474 | D:7      | Reached * piety under Hepliaklqana
  7811 | D:8      | Found a flagged portal.
  7999 | Bailey   | Entered a bailey
  8260 | D:8      | Noticed a cyclops
  8697 | D:8      | Killed a cyclops
  8698 | D:8      | Reached skill level 10 in Fighting
  8709 | D:8      | Found a hide-covered altar of Uskayaw.
  8709 | D:8      | Noticed a +0 spear
  8709 | D:8      | Noticed a +0 dagger
  8710 | D:8      | Noticed a +0 dagger
  8711 | D:8      | Noticed a +0 falchion
  8711 | D:8      | Noticed a +0 short sword
  8712 | D:8      | Noticed a +0 short sword
  8712 | D:8      | Noticed a +0 spear
  8712 | D:8      | Noticed a +0 falchion
  9335 | D:8      | Reached skill level 1 in Dodging
  9443 | D:9      | Found a stormy altar of Qazlal.
  9585 | D:9      | Reached skill level 1 in Shields
  9594 | D:9      | Reached XP level 10. HP: 45/83 MP: 9/9
 10286 | D:9      | You fall into a shaft and drop 3 floors!
 10396 | D:12     | Reached ** piety under Hepliaklqana
 10397 | D:12     | Remembered your ancestor Eadwine as a knight
 10497 | D:12     | Noticed a two-headed ogre
 10512 | D:12     | Killed a two-headed ogre
 10513 | D:12     | Reached skill level 5 in Armour
 10606 | D:12     | Found Teocloup's Weapon Shoppe.
 10607 | D:12     | Noticed a red ugly thing
 10612 | D:12     | Killed a red ugly thing
 10613 | D:12     | Reached skill level 5 in Dodging
 10613 | D:12     | Reached XP level 11. HP: 90/90 MP: 10/10
 10731 | D:10     | Entered Level 10 of the Dungeon
 10747 | D:10     | Found a staircase to the Orcish Mines.
 10777 | D:10     | Reached skill level 5 in Shields
 11225 | D:9      | Found a burning altar of Makhleb.
 11230 | D:9      | Found a basalt altar of Yredelemnul.
 11359 | D:10     | Found a staircase to the Lair.
 11513 | D:10     | Found an opulent altar of Gozag.
 11582 | D:10     | Reached skill level 10 in Unarmed Combat
 11838 | D:11     | Noticed a manticore
 11846 | D:11     | Killed a manticore
 12007 | D:11     | Noticed an orc knight
 12007 | D:11     | Noticed a death knight
 12024 | D:11     | Found a transporter.
 12025 | D:11     | Noticed a tengu warrior
 12044 | D:11     | Found a transporter.
 12089 | D:11     | Reached *** piety under Hepliaklqana
 12146 | D:11     | Noticed a white ugly thing
 12164 | D:11     | Killed a white ugly thing
 12547 | D:12     | Noticed a cyclops
 12555 | D:12     | Killed a cyclops
 12900 | D:12     | Noticed a white ugly thing
 12913 | D:12     | Killed a white ugly thing
 13124 | Lair:1   | Entered Level 1 of the Lair of Beasts
 13188 | Lair:1   | Reached XP level 12. HP: 92/100 MP: 11/11
 13259 | Lair:1   | Identified the +1 whip of the Onslaught {antimagic, Fragile
                  | rPois rN+}
 13303 | Lair:1   | Noticed a death yak
 13303 | Lair:1   | Noticed a death yak
 13304 | Lair:1   | Noticed a death yak
 13304 | Lair:1   | Noticed a death yak
 13334 | Lair:1   | Killed a death yak
 13335 | Lair:1   | Reached skill level 1 in Invocations
 13343 | Lair:1   | Killed a death yak
 13343 | Lair:1   | Slain by a death yak

Illustrated notes

Levels and vault maps discovered:
D:1:      dpeg_arrival_rooms_a, layout_basic
D:2:      layout_loops_corners, corexii_corridor_pit, st_stairs_2, uniq_jessica
D:3:      layout_basic
D:4:      layout_cave_pools, ebering_ghost_sewer_d, roderic_roman_lattice
D:5:      layout_rooms, nicolae_overflow_hidden_temple, uniq_menkaure
D:6:      layout_rooms, minmay_temple_entry_antechambers
D:7:      layout_loops_ring, gup_ossuary_entry_pyramid
D:8:      layout_cave_pools, nicolae_uskayaw_en_pointe, enter_bailey_3
D:9:      layout_cross, minitemple, grunt_qazlal_clouds, eino_jars
D:10:     layout_basic, grunt_gozag_statues, mainiacjoe_overflow_catwalk,
          lair_entry_dummy, minmay_orc_entry_guard_dogs
D:11:     gammafunk_the_bubble [the_bubble_gammafunk_grid], layout_small_grid
D:12:     layout_irregular_city, serial_shops, nicolae_shop_statue_plus
Temple:   dshaligram_water_room_temple
Lair:1:   layout_cellular_growth

Skill      XL: |  1  2  3  4  5  6  7  8  9 10 11 12 |
---------------+-------------------------------------+-----
Maces & Flails | 1 2 |  2.0
Fighting       | 2 3 4 5 6 8 10 12 | 12.1
Unarmed Combat | 2 3 4 5 8 9 11 12 | 12.0
Armour         | 2 5 6 |  6.3
Dodging        | 1 5 |  5.6
Shields        | 1 4 5 |  5.5
Invocations    | 1 |  1.7
Stealth        | |  1.1
Evocations     | |  2.6

Action                     |  1- 3 |  4- 6 |  7- 9 | 10-12 || total
---------------------------+-------+-------+-------+-------++-------
  Melee: Unarmed           |   138 |   194 |   333 |   397 ||  1062
         Punch             |     2 |     3 |    13 |       ||    18
 Invoke: Recall Ancestor   |       |       |       |     4 ||     4
         Ancestor Life: Kn |       |       |       |     1 ||     1
  Evoke: Wand              |     1 |    13 |    12 |    27 ||    53
    Use: Scroll            |       |     3 |    12 |     5 ||    20
         Potion            |       |     2 |     2 |     2 ||     6
   Stab: Sleeping          |     1 |       |       |       ||     1
         Distracted        |       |       |     1 |     4 ||     5
 Armour: Leather armour    |    34 |    20 |       |       ||    54
         Plate armour      |       |   129 |   217 |    25 ||   371
         Swamp dragon scal |       |       |       |   244 ||   244
  Dodge: Dodged            |    68 |    90 |   106 |   299 ||   563
  Block: Buckler           |       |       |     2 |   193 ||   195

Table legend: (Time is in decaauts)
 A = Elapsed time spent in this place.
 B = Non-inter-level travel time spent in this place.
 C = Inter-level travel time spent in this place.
 D = Time resting spent in this place.
 E = Time spent auto-exploring this place.
 F = Levels seen in this place.
 G = Mean time per level.
                   A        B        C        D        E       F      G
               +--------+--------+--------+--------+--------+-----+--------+
         Total |  13216 |  12680 |    536 |   2649 |   7448 |  16 |  826.0 |
       Dungeon |  11953 |  11418 |    535 |   2242 |   7003 |  12 |  996.1 |
        Temple |    271 |    271 |      0 |      0 |     94 |   1 |  271.0 |
          Lair |    213 |    213 |      0 |      0 |    139 |   1 |  213.0 |
       Ossuary |    744 |    744 |      0 |    407 |    212 |   1 |  744.0 |
        Bailey |     32 |     32 |      0 |      0 |      0 |   1 |   32.0 |
               +--------+--------+--------+--------+--------+-----+--------+

Top non-repeatable levels by time:
     D:3: 1910 daAuts
     D:8: 1347 daAuts
     D:2: 1174 daAuts
     D:1: 1046 daAuts
    D:12: 1042 daAuts
     D:7: 948 daAuts
    D:10: 924 daAuts
     D:4: 853 daAuts
     D:9: 835 daAuts
 Ossuary: 744 daAuts
    D:11: 704 daAuts
     D:5: 584 daAuts
     D:6: 581 daAuts
  Temple: 271 daAuts
  Lair:1: 213 daAuts
